 Dungeon Crawl Stone Soup version 0.31.0-11-ge490571c62 (webtiles) character file.

Game seed: 11255455192027427546

1622648 wormsofcant the Sensei (level 27, 219/219 HPs)
             Began as a Gnoll Wanderer on Jan 25, 2024.
             Was an Initiate of Yredelemnul.
             Escaped with the Orb
             ... and 3 runes on Feb 4, 2024!
             The game lasted 04:31:55 (71227 turns).

wormsofcant the Sensei (Gnoll Wanderer)            Turns: 71227, Time: 04:31:56

Health: 219/219    AC: 23    Str: 20    XL:     27
Magic:  54/55      EV: 33    Int: 33    God:    Yredelemnul [......]
Gold:   9285       SH: 23    Dex: 31    Spells: 1/64 levels left

rFire   + + .        a - +11 demon trident "Xowoh" {spect, rF+ rC+ Int+3}
rCold   + . .        V - +5 kite shield "Ownaalick" {MP+9 Dex+4 Stlth+}
rNeg    . . .        J - +1 leather armour "Bebopp" {Int+5 SInv}
rPois   +            X - +2 helmet
rElec   .            T - +4 dragonskin cloak
rCorr   .            N - +2 pair of gloves {hurl}
SInv    +            M - +2 pair of boots {Stlth+}
Will    ++...        H - amulet of Idghoar {Faith rPois rF+ Regen+ Str+5}
Stlth   ++++         k - +6 ring of intelligence
HPRegen 1.36/turn    Y - ring of Igerurr {Str+6 Dex+6}
MPRegen 0.34/turn

%: faith
@: studying 2 skills
A: fangs 1, strong nose, distributed training, poison resistance
0: Orb of Zot
}: 3/15 runes: barnacled, silver, gossamer
a: Renounce Religion, Recall Undead Harvest


You escaped.
You worshipped Yredelemnul.
Yredelemnul was greatly pleased with you.
You visited 12 branches of the dungeon, and saw 50 of its levels.
You also visited: Trove, Ice Cave and Wizlab.

You collected 11781 gold pieces.
You spent 2496 gold pieces at shops.

Inventory:

Hand Weapons
 a - the +11 demon trident "Xowoh" (weapon) {spect, rF+ rC+ Int+3}
   (You acquired it on level 4 of the Vaults)

   Int+3:     It affects your intelligence (+3).
   rF+:       It protects you from fire.
   rC+:       It protects you from cold.
 b - the +3 greatsling "Punk" {acid, rCorr}
   (You found it on level 3 of the Crypt)

   rCorr:     It protects you from acid and corrosion.
 w - the +8 quick blade of the Telling Gods {vamp, rC+ Will- Dex+9}
   (You found it in a wizard's laboratory)

   Dex+9:     It affects your dexterity (+9).
   rC+:       It protects you from cold.
   Will-:     It decreases your willpower.
 y - a +5 antimagic demon trident
 B - the +11 broad axe of Larizuo {venom, rElec rC+ Will+ Str-3 SInv}
   (You acquired it on level 14 of the Dungeon)

   Str-3:     It affects your strength (-3).
   rC+:       It protects you from cold.
   rElec:     It insulates you from electricity.
   Will+:     It increases your willpower.
   SInv:      It lets you see invisible.
Missiles
 j - 50 boomerangs (quivered)
 x - 14 silver javelins
 W - 17 curare-tipped darts
 Z - 3 throwing nets
Armour
 F - the +18 shield of the Gong {Loud rN+ Will+ rCorr EV-5}
   (You acquired it on level 5 of the Vaults)

   Loud:      It is deafeningly noisy when blocking attacks.
   EV-5:      It affects your evasion (-5).
   rN+:       It protects you from negative energy.
   Will+:     It increases your willpower.
   rCorr:     It protects you from acid and corrosion.
 J - the +1 leather armour "Bebopp" (worn) {Int+5 SInv}
   (You found it on level 5 of the Dungeon)

   Int+5:     It affects your intelligence (+5).
   SInv:      It lets you see invisible.
 M - a +2 pair of boots of stealth (worn)
 N - a +2 pair of gloves of hurling (worn)
 T - the +4 dragonskin cloak (worn)
   (You took it off Tiamat on level 4 of the Realm of Zot)

   Avatar's Aegis: It grants the wearer a chance to resist fire, cold, poison,
   electricity, acid, and negative energy.
 V - the +5 kite shield "Ownaalick" (worn) {MP+9 Dex+4 Stlth+}
   (You acquired it on level 6 of the Dungeon)

   Dex+4:     It affects your dexterity (+4).
   MP+9:      It affects your magic capacity (+9).
   Stlth+:    It makes you more stealthy.
 X - a +2 helmet (worn)
Jewellery
 k - a +6 ring of intelligence (left hand)
 s - a +4 ring of slaying
 v - the ring of Cuacy {rF+ rN++}
   (You found it in a treasure trove)

   [ring of protection from fire]

   rF+:       It protects you from fire.
   rN++:      It greatly protects you from negative energy.
 H - the amulet of Idghoar (around neck) {Faith rPois rF+ Regen+ Str+5}
   (You acquired it on level 2 of the Vaults)

   [amulet of faith]

   Faith:     It allows you to gain divine favour quickly.
   Str+5:     It affects your strength (+5).
   rF+:       It protects you from fire.
   rPois:     It protects you from poison Regen+: It increases your rate of
   health regeneration.
 K - the ring "Meur Zit" {+Blink rElec Str+6}
   (You acquired it on level 3 of the Realm of Zot)

   [ring of strength]

   Str+6:     It affects your strength (+6).
   rElec:     It insulates you from electricity.
   +Blink:    It lets you blink.
 Y - the ring of Igerurr (right hand) {Str+6 Dex+6}
   (You took it off a vault guard on level 5 of the Vaults)

   [ring of dexterity]

   Str+6:     It affects your strength (+6).
   Dex+6:     It affects your dexterity (+6).
Wands
 e - a wand of acid (32)
 l - a wand of roots (37)
 m - a wand of digging (15)
 t - a wand of charming (12)
 U - a wand of polymorph (32)
Scrolls
 g - 6 scrolls of blinking
 i - 10 scrolls of poison
 n - a scroll of revelation
 p - 22 scrolls of teleportation
 q - 2 scrolls of summoning
 A - 6 scrolls of torment
 G - 8 scrolls of fog
 R - 9 scrolls of fear
Potions
 d - 7 potions of might
 h - 9 potions of mutation
 o - 7 potions of haste
 u - 5 potions of cancellation
 z - 7 potions of brilliance
 C - 25 potions of curing
 E - 2 potions of magic
 I - 2 potions of invisibility
 L - 2 potions of heal wounds
 P - 5 potions of resistance
 Q - 9 potions of ambrosia
 S - 8 potions of lignification
Miscellaneous
 c - a phantom mirror
 f - a lightning rod (4/4)
 r - a phial of floods
 D - a tin of tremorstones (2/2)
 O - a box of beasts


   Skills:
 + Level 18.6 Fighting
 + Level 18.6 Short Blades
 + Level 18.6 Long Blades
 + Level 20.3 Axes
 + Level 18.6 Maces & Flails
 + Level 18.6 Polearms
 + Level 18.6 Staves
 + Level 18.6 Ranged Weapons
 + Level 19.1 Throwing
 + Level 18.8 Armour
 + Level 18.6 Dodging
 + Level 18.6 Stealth
 + Level 18.6 Shields
 + Level 23.9 Unarmed Combat
 + Level 19.2 Spellcasting
 + Level 15.9 Conjurations
 + Level 15.9 Hexes
 + Level 15.9 Summonings
 + Level 16.7 Necromancy
 + Level 15.9 Translocations
 + Level 15.9 Fire Magic
 + Level 15.9 Ice Magic
 + Level 15.9 Air Magic
 + Level 15.9 Earth Magic
 + Level 15.9 Alchemy
 + Level 20.1 Invocations
 + Level 18.6 Evocations
 + Level 17.2 Shapeshifting


You had one spell level left.
You knew the following spells:

 Your Spells              Type           Power      Damage    Failure   Level
a - Vampiric Draining     Necr           97%        2d12      0%          3
b - Borgnjor's Vile Clut  Necr/Erth      48%        N/A       1%          5
c - Frozen Ramparts       Ice            100%       1d16      0%          3
d - Sculpt Simulacrum     Ice/Alch       47%        N/A       1%          6
e - Dispel Undead         Necr           97%        3d30      1%          4
f - Anguish               Hex/Necr       48%        N/A       1%          4
g - Martyr's Knell        Necr/Summ      96%        N/A       1%          4
h - Lee's Rapid Deconstr  Erth           47%        3d23*     1%          5
i - Yara's Violent Unrav  Hex/Alch       47%        3d18      1%          5
j - Freezing Cloud        Conj/Ice/Air   47%        6-21      1%          5
k - Summon Mana Viper     Hex/Summ       95%        N/A       1%          5
x - Apportation           Tloc           100%       N/A       0%          1
A - Ozocubu's Armour      Ice            95%        N/A       0%          3
E - Passwall              Erth           95%        N/A       0%          3
P - Cause Fear            Hex            47%        N/A       1%          4
U - Swiftness             Air            95%        N/A       0%          3

Your spell library contained the following spells:

 Spells                   Type           Power      Damage    Failure   Level
 Kiss of Death            Conj/Necr      100%       2d13      0%          1
 Magic Dart               Conj           100%       1d8       0%          1
 Necrotise                Necr           100%       1d9       0%          1
 Sandblast                Erth           100%       2d20      0%          1
 Shock                    Conj/Air       100%       1d9       0%          1
 Slow                     Hex            100%       N/A       0%          1
 Sting                    Conj/Alch      100%       1d9       0%          1
 Summon Small Mammal      Summ           100%       N/A       0%          1
 Call Imp                 Summ           100%       N/A       0%          2
 Cigotuvi's Dreadful Rot  Necr/Alch/Air  100%       N/A       0%          2
 Ensorcelled Hibernation  Hex/Ice        100%       N/A       0%          2
 Jinxbite                 Hex            100%       N/A       0%          2
 Mercury Vapours          Alch/Air       100%       N/A       0%          2
 Momentum Strike          Conj/Tloc      100%       3d10      0%          2
 Searing Ray              Conj           100%       2d8       0%          2
 Static Discharge         Conj/Air       100%       3-8/arc   0%          2
 Sublimation of Blood     Necr           97%        N/A       0%          2
 Call Canine Familiar     Summ           95%        N/A       0%          3
 Confusing Touch          Hex            95%        N/A       0%          3
 Dazzling Flash           Conj/Hex       100%       N/A       0%          3
 Fugue of the Fallen      Necr           97%        N/A       0%          3
 Gell's Gravitas          Tloc           95%        N/A       0%          3
 Mephitic Cloud           Conj/Alch/Air  95%        N/A       0%          3
 Sigil of Binding         Hex            95%        N/A       0%          3
 Stone Arrow              Conj/Erth      100%       3d13      0%          3
 Summon Ice Beast         Ice/Summ       95%        N/A       0%          3
 Teleport Other           Tloc           95%        N/A       0%          3
 Volatile Blastmotes      Fire/Tloc      100%       2d18      0%          3
 Airstrike                Air            47%        2d(7-23)  1%          4
 Animate Armour           Summ/Erth      100%       N/A       1%          4
 Brom's Barrelling Bould  Conj/Erth      95%        2d10      1%          4
 Dimensional Bullseye     Hex/Tloc       47%        N/A       1%          4
 Fulminant Prism          Conj/Alch      47%        3d21      1%          4
 Ignite Poison            Fire/Alch      95%        N/A       1%          4
 Iskenderun's Mystic Bla  Conj/Tloc      95%        2d18      1%          4
 Leda's Liquefaction      Alch/Erth      47%        N/A       1%          4
 Manifold Assault         Tloc           95%        N/A       1%          4
 Olgreb's Toxic Radiance  Alch           95%        N/A       1%          4
 Passage of Golubria      Tloc           95%        N/A       1%          4
 Petrify                  Alch/Erth      95%        N/A       1%          4
 Summon Blazeheart Golem  Fire/Summ      95%        N/A       1%          4
 Summon Lightning Spire   Summ/Air       95%        N/A       1%          4
 Vhi's Electric Charge    Tloc/Air       100%       N/A       1%          4
 Alistair's Intoxication  Alch           63%        N/A       1%          5
 Arcjolt                  Conj/Air       47%        1d57      1%          5
 Curse of Agony           Necr           97%        N/A       1%          5
 Fireball                 Conj/Fire      47%        3d19      1%          5
 Irradiate                Conj/Alch      47%        3d27      1%          5
 Metabolic Englaciation   Hex/Ice        47%        N/A       1%          5
 Silence                  Hex/Air        47%        N/A       1%          5
 Summon Forest            Summ/Tloc      47%        N/A       1%          5
 Bombard                  Conj/Erth      47%        9d8       1%          6
 Conjure Ball Lightning   Conj/Air       47%        3x3d16    1%          6
 Dispersal                Tloc           47%        N/A       1%          6
 Eringya's Noxious Bog    Alch           47%        4d6       1%          6
 Enfeeble                 Hex            47%        N/A       1%          7
 Haunt                    Necr/Summ      48%        N/A       1%          7
 Monstrous Menagerie      Summ           47%        N/A       1%          7
 Summon Hydra             Summ           47%        N/A       1%          7
 Borgnjor's Revivificati  Necr           48%        N/A       12%         8
 Discord                  Hex            47%        N/A       16%         8
 Disjunction              Tloc           47%        N/A       16%         8
 Lehudib's Crystal Spear  Conj/Erth      47%        10d11     16%         8
 Maxwell's Capacitive Co  Air            47%        ∞         16%         8
 Death's Door             Necr           48%        N/A       87%         9
 Dragon's Call            Summ           47%        N/A       94%         9
 Animate Dead             Necr           Unusable   N/A       N/A         4
 Death Channel            Necr           Unusable   N/A       N/A         6

Dungeon Overview and Level Annotations

Branches:
Dungeon (15/15)            Temple (1/1) D:4            Lair (5/5) D:10
 Shoals (4/4) Lair:3       Spider (4/4) Lair:2        Slime (1/5) Lair:4
    Orc (2/2) D:9             Elf (0/3) Orc:2        Vaults (5/5) D:14
  Crypt (3/3) Vaults:2       Tomb (1/3) Crypt:3      Depths (4/4) D:15
    Zot (5/5) Depths:4      IceCv (visited)          WizLab (visited)

Altars:
Ashenzari
Cheibriados
Dithmenos
Elyvilon
Fedhas
Gozag
Hepliaklqana
Kikubaaqudgha
Makhleb
Nemelex Xobeh
Okawaru
Qazlal
Ru
Sif Muna
Trog
Uskayaw
Vehumet
Wu Jian
Xom
Yredelemnul
Zin
The Shining One
Jiyva

Shops:
D:13 ?   Orc:2 (:=!   Vaults:1 *   Depths:3 *

Portals:
Hell: Depths:1 Depths:2 Depths:3 Depths:4
Abyss: Depths:3
Pandemonium: Depths:2
Ziggurat: Depths:4

Annotations:
D:9 1 runed translucent door, exclusion: orange crystal statue
D:15 Roxanne
Shoals:3 2 transporters, case's ghost, adept MiBe
Crypt:1 Vv
Depths:2 the Enchantress
Zot:3 2 transporters, Emnejil's ghost, master VSBe


Innate Abilities, Weirdness & Mutations

You have very sharp teeth.
Your uncanny sense of smell can sniff out nearby items.
Your experience applies equally to all skills.
Your system is resistant to poisons. (rPois)


Message History

There is a stone staircase leading down here.
There is a stone staircase leading up here.
You climb upwards.
There is a stone staircase leading down here.
There is a stone staircase leading up here.
You climb upwards.
There is a stone staircase leading down here.
There is a stone staircase leading up here.
You climb upwards.
There is a stone staircase leading down here.
A demonspawn blood saint and a balrug come into view.
The balrug is wielding a +2 demon whip of freezing.
Okay, then.
Blink to where?
Press: ? - help, Dir - move target
As you read the scroll of blinking, it crumbles to dust.
The balrug shouts!
The demonspawn blood saint calls on the powers of chaos!
The balrug suddenly seems more resistant.
You climb upwards.
There is a stone staircase leading down here.
There is an open door here.
You see here a +0 club.
An Orb Guardian comes into view.
The Orb Guardian moves out of view.
Casting: Passwall (safe; 0% risk of failure)
Confirm with . or Enter, or press ? or * to list all spells.
Aiming: Passwall (safe; 0% risk of failure)
Press: ? - help, Dir - move target A rock wall.
This square is covered in magical glow.
You begin to meditate on the wall.
You continue meditating on the rock. x2
You block the Orb Guardian's attack.
You continue meditating on the rock.
The Orb Guardian barely misses you.
You finish merging with the rock.
There is a staircase leading out of the dungeon here.
Okay, then.
Okay, then.
You have escaped!

.....# #.# #.#+###'# #. .##..#
#.# #.#.~#~.# ### #. .#...###.#
#.#.~~~.# ##.## #.
.......#.###.#.~8~.# ##...####
.........##..#.....# #........
.#...........#♣...♣#######...####
♣...##.####..#P♣.♣P#........## #
⌠♣.....# ##.##P.P##.#####..# #
♣..+#### ###P#@#P#.# #..# #
.....## ##.♣.##.# ###..#####
♣.....## ###♣#♣##X# #........#
⌠♣.....## ##.#### #.# #.#..###.#
♣)......####...#.###.###.#...##.#
........+...............).......'
........####...#.#.#....[....##.#
.......## #..##.#.#####.##)###.#
#.....## #.##..#.# #.##.###.#


There were no monsters in sight!

Vanquished Creatures
  2 dread liches
  3 ancient liches
  4 orbs of fire (Zot:5)
  Xtahua (Crypt:2)
  3 Killer Klowns (Zot:5)
  3 curse toes
  2 caustic shrikes (Depths:4)
  13 golden dragons
  A bone dragon (Zot:4)
  An electric golem (Zot:3)
  13 tentacled monstrosities
  Jorgrun (D:12)
  2 liches
  9 Orb Guardians
  5 titans (Vaults:5)
  3 quicksilver dragons
  A walking frostbound tome (Depths:3)
  4 sphinxes
  4 death cobs
  8 storm dragons
  7 tengu reavers
  5 shadow dragons
  A frost giant (Depths:3)
  Ilsuiw (Shoals:2)
  3 daevas (Depths:4)
  2 draconian monks
  3 draconian knights
  A fire giant (shapeshifter) (Depths:2)
  3 fire giants
  5 draconian shifters
  A deep elf sorcerer (Vaults:5)
  7 draconian scorchers
  10 vault wardens
  4 draconian stormcallers
  3 curse skulls
  3 ghouls (Crypt:2)
  2 ghost moths (Spider:3)
  An iron dragon (Vaults:5)
  3 reapers (Crypt:3)
  An orc warlord (Vaults:2)
  3 spriggan defenders (Depths:2)
  13 ironbound preservers
  An azure jelly (shapeshifter) (Depths:2)
  3 draconian annihilators
  A caustic shrike skeleton (Crypt:1)
  2 formless jellyfish (Vaults:2)
  A broodmother (Spider:3)
  A demonspawn corrupter (Depths:3)
  22 very ugly things
  A deep elf death mage (Crypt:2)
  8 stone giants
  2 ironbound thunderhulks
  11 green draconians
  5 black draconians
  A spark wasp (Spider:2)
  8 white draconians
  7 yellow draconians
  8 purple draconians
  7 dire elephants
  3 war gargoyles (Depths:2)
  4 red draconians
  2 very ugly thing zombies (Vaults:5)
  11 ettins
  An ettin (shapeshifter) (Depths:2)
  6 eidola (Crypt:3)
  A fire dragon (shapeshifter) (Depths:2)
  A quicksilver dragon zombie (Crypt:3)
  9 jiangshi
  5 merfolk impalers
  2 crystal guardians (Vaults:1)
  3 blizzard demons (WizLab)
  5 fire dragons
  9 ice dragons
  7 yaktaur captains
  4 spriggan zombies
  2 ogre magi (Orc:1)
  2 ironbound frosthearts
  A ghost crab (WizLab)
  3 great orbs of eyes
  2 rakshasas
  An ice dragon (shapeshifter) (Depths:2)
  A hydra (shapeshifter) (Depths:2)
  18 vault guards
  A quicksilver dragon skeleton (Crypt:1)
  5 hydras
  A spriggan skeleton (Crypt:3)
  3 centaur warriors
  7 spriggan air magi
  2 merfolk avatars (Shoals:2)
  The ghost of BeingJoeMalik the Geomancer, a journeyman GrEE of Vehumet (D:9)
  A peacekeeper (Vaults:1)
  A jorogumo (Spider:4)
  2 boulder beetles
  2 catoblepae
  9 two-headed ogres
  13 dancing weapons
  An alligator snapping turtle (Shoals:1)
  A satyr (Shoals:4)
  4 death yaks
  2 orc high priests
  2 death knights (Crypt:1)
  A titan zombie (Crypt:3)
  2 deep troll shamans (Depths:3)
  4 tengu warriors
  8 spriggan berserkers
  3 deep troll earth magi
  5 vampire magi
  4 shock serpents
  An occultist (Depths:3)
  5 soul eaters (Crypt:3)
  A deep elf knight (D:12)
  A storm dragon zombie (Crypt:3)
  3 pharaoh ants (Spider:1)
  4 skysharks (Shoals:2)
  7 skeletal warriors
  8 glowing orange brains
  7 sea snakes
  2 spriggan riders
  2 iron trolls (Depths:3)
  A death drake (WizLab)
  A shadow demon (Depths:3)
  20 deep trolls
  A glowing orange brain (shapeshifter) (Depths:2)
  A deep troll (shapeshifter) (Depths:2)
  2 tengu zombies (Depths:3)
  An orange crystal statue (Depths:4)
  A shadow dragon zombie (Crypt:1)
  2 swamp dragons (Zot:4)
  9 ironbound convokers
  7 large abominations (Depths:3)
  2 arcanists
  4 obsidian statues (Depths:2)
  4 harpies
  An anaconda skeleton (Crypt:3)
  A deep elf pyromancer (D:15)
  5 orc knights
  Pikel (D:7)
  11 phantasmal warriors
  11 necromancers
  4 orc sorcerers
  A frost giant zombie (Depths:3)
  16 ugly things
  An ugly thing zombie (Depths:4)
  A lindwurm (Vaults:2)
  6 cyclopes
  12 wolf spiders
  3 fauns
  18 moths of wrath
  A salamander (Vaults:4)
  A spectral blizzard demon (WizLab)
  12 manticores
  A fire giant zombie (Vaults:3)
  A human zombie (Vaults:3)
  2 water nymphs (shapeshifter)
  A spectral soul eater (Crypt:3)
  A meliai (shapeshifter) (D:14)
  3 black mambas
  A kobold blastminer (Orc:2)
  A fire giant skeleton (Crypt:2)
  3 merfolk sirens
  A shadow dragon skeleton (Crypt:2)
  A spectral human (Vaults:4)
  4 apocalypse crabs (WizLab)
  A naga zombie (Crypt:3)
  2 water nymphs
  2 gargoyles
  15 vault sentinels
  A centaur skeleton (Crypt:3)
  An elf zombie (Vaults:4)
  A mana viper zombie (Crypt:1)
  A storm dragon simulacrum (Depths:3)
  A rime drake (Lair:3)
  8 yaktaurs
  A grey draconian zombie (Crypt:1)
  6 cane toads
  An unseen horror (Depths:3)
  5 freezing wraiths
  An efreet (D:14)
  A hellion (D:6)
  A torpor snail (shapeshifter) (Depths:2)
  5 tengu conjurers
  5 komodo dragons
  3 polar bears
  3 merfolk
  10 hellwings (Crypt:3)
  3 harpy zombies
  8 trolls
  3 hornets
  8 wind drakes
  A queen bee (D:13)
  A fire dragon zombie (Depths:4)
  A glass eye (Depths:3)
  A jumping spider zombie (Spider:4)
  4 snapping turtles
  A harpy skeleton (Crypt:3)
  A dream sheep (Shoals:2)
  14 tarantellas
  5 raiju (Depths:2)
  9 blink frogs
  An ettin skeleton (Crypt:3)
  6 culicivoras
  8 jumping spiders
  10 slime creatures
  11 air elementals
  7 wraiths
  A shadow (D:11)
  2 spriggans
  7 wyverns
  An ushabti (Crypt:3)
  6 water elementals
  2 steam dragons
  23 yaks
  5 basilisks
  Grum (D:10)
  6 fire elementals (Depths:2)
  18 redbacks
  A redback (shapeshifter) (Vaults:4)
  13 vampire mosquitoes
  A warg (Orc:1)
  3 chaos spawn (Depths:3)
  Edmund (D:4)
  A naga skeleton (Crypt:3)
  An acid dragon (D:9)
  8 water moccasins
  A demonspawn skeleton (Crypt:2)
  A spectral hellwing (Crypt:3)
  A water nymph skeleton (Crypt:1)
  18 orc warriors
  9 laughing skulls
  A black bear (D:5)
  A glowing shapeshifter skeleton (Depths:3)
  An ice beast (D:5)
  2 black bears (shapeshifter)
  A manticore zombie (Crypt:2)
  21 ogres
  4 boggarts (D:15)
  11 wolves
  9 centaurs
  3 kobold brigands
  A spectral chaos spawn (Depths:3)
  2 yaktaur zombies (Vaults:4)
  A necrophage (Crypt:2)
  5 bullfrogs
  6 earth elementals (Depths:2)
  A small abomination (Depths:3)
  A gnoll sergeant (D:11)
  2 scorpions
  8 wyvern skeletons (Crypt:3)
  15 wights
  A raiju zombie (Depths:2)
  A troll zombie (Crypt:1)
  11 killer bees (D:11)
  4 electric eels
  3 howler monkeys
  2 bombardier beetles
  2 centaur zombies
  4 hounds
  7 orc priests
  Crazy Yiuf (D:4)
  2 jellies (D:6)
  A gnoll bouda (D:5)
  4 hell rats (Lair:5)
  14 iguanas
  23 orc wizards
  A sleepcap (D:6)
  A brain worm zombie (Crypt:2)
  A crocodile zombie (Crypt:1)
  2 mummies (Crypt:3)
  13 gnolls
  7 adders
  A river rat (shapeshifter) (D:14)
  A shadow imp (D:7)
  A white imp (D:5)
  3 ribbon worms
  7 dart slugs
  88 orcs
  8 ball pythons
  4 endoplasms
  2 giant cockroaches
  6 goblins
  2 hobgoblins
  5 quokkas
  6 bats
  3 frilled lizards
  16 kobolds
  A kobold skeleton (Crypt:2)
  A kobold zombie (Crypt:2)
  4 rats
  5 ball lightnings (Depths:2)
1339 creatures vanquished.

Vanquished Creatures (collateral kills)
  Tiamat (Zot:4)
  An ancient lich (Zot:5)
  Parghit (Zot:4)
  3 Killer Klowns
  A caustic shrike (Depths:4)
  3 golden dragons
  Nikola (Vaults:1)
  Jory (Vaults:3)
  A Cloud Mage (WizLab)
  7 tentacled monstrosities
  2 liches
  7 Orb Guardians (Zot:5)
  A quicksilver dragon (Zot:5)
  A titan (Vaults:5)
  A kraken (Shoals:3)
  2 death cobs
  6 shadow dragons
  4 storm dragons
  A protean progenitor (Zot:3)
  A deep elf sorcerer (Vaults:5)
  A tengu reaver (Vaults:5)
  2 fire giants
  3 frost giants
  A draconian monk (Zot:2)
  2 draconian knights
  7 vault wardens
  A draconian shifter (Zot:3)
  A draconian scorcher (Zot:3)
  An emperor scorpion (Spider:4)
  A ghost moth (Zot:1)
  6 ironbound preservers
  An orc warlord (Vaults:2)
  6 draconian annihilators
  A reaper (Crypt:3)
  6 broodmothers (Spider:4)
  A stone giant (Vaults:5)
  4 very ugly things
  2 ironbound thunderhulks
  2 spriggan defenders (Depths:4)
  A formless jellyfish (Shoals:4)
  2 green draconians
  A juggernaut skeleton (Crypt:1)
  2 deep elf death magi (Crypt:3)
  4 black draconians
  3 purple draconians
  5 dire elephants
  5 yellow draconians
  3 spark wasps
  6 red draconians
  4 white draconians
  An ettin (Depths:4)
  2 merfolk javelineers (Shoals:4)
  4 eidola
  A blizzard demon (WizLab)
  4 merfolk impalers
  A jiangshi (Crypt:2)
  A mummy priest (Crypt:3)
  3 fire dragons
  A deep elf high priest (Vaults:5)
  A spriggan zombie (Crypt:3)
  6 yaktaur captains
  3 entropy weavers
  A great orb of eyes (Vaults:1)
  12 vault guards
  A rakshasa (Depths:4)
  2 ghost crabs (WizLab)
  2 merfolk avatars
  A peacekeeper (Vaults:1)
  A spriggan air mage (Depths:4)
  4 ice dragons
  6 ironbound frosthearts
  A jorogumo (Spider:4)
  2 hydras (Lair:4)
  2 radroaches
  A centaur warrior (D:14)
  A two-headed ogre (Orc:2)
  3 catoblepae
  3 merfolk aquamancers
  4 boulder beetles
  3 dancing weapons (Depths:2)
  3 deep troll shamans
  2 deep troll earth magi
  7 demonic crawlers
  3 spriggan berserkers
  11 death yaks
  3 titan zombies
  A soul eater (Crypt:3)
  3 iron trolls
  4 pharaoh ants
  A shadow wraith (Crypt:2)
  3 skeletal warriors
  5 skysharks
  5 sea snakes
  17 deep trolls
  2 glowing orange brains
  A deep troll (shapeshifter) (Vaults:5)
  A glowing orange brain (shapeshifter) (Vaults:5)
  A spriggan rider (Depths:4)
  2 death drakes
  4 arcanists
  10 orb spiders
  A lindwurm (Vaults:2)
  A sun moth (shapeshifter) (Depths:2)
  10 ironbound convokers
  A large abomination (Depths:3)
  4 necromancers
  3 phantasmal warriors
  5 steelbarb worms
  A deep elf pyromancer (D:14)
  A deep elf zephyrmancer (D:12)
  10 harpies
  2 orc knights (Vaults:2)
  18 wolf spiders
  An iron dragon zombie (Crypt:3)
  10 ugly things
  A cyclops (Orc:2)
  7 fauns
  7 manticores
  10 moths of wrath
  A kobold blastminer (Orc:2)
  2 human zombies
  A water nymph (shapeshifter) (Depths:3)
  2 meliai
  5 vault sentinels
  A naga zombie (Crypt:3)
  2 water nymphs (Shoals:4)
  4 black mambas
  6 torpor snails
  A catoblepas zombie (Crypt:2)
  2 cane toads (Lair:4)
  4 rime drakes
  A freezing wraith (Crypt:3)
  20 yaktaurs
  A tengu conjurer (Depths:2)
  A harpy zombie (Crypt:3)
  4 trolls
  3 hellwings (Crypt:3)
  A polar bear (Lair:5)
  A harpy skeleton (Crypt:1)
  22 tarantellas
  A hornet (D:9)
  11 merfolk
  2 dream sheep (Shoals:2)
  3 raiju (Depths:2)
  9 blink frogs
  32 jumping spiders
  3 snapping turtles
  20 slime creatures
  An ettin zombie (Crypt:3)
  An ettin skeleton (Crypt:3)
  An ice dragon skeleton (Crypt:1)
  3 air elementals (WizLab)
  6 water elementals
  2 wraiths
  24 culicivoras
  21 yaks
  2 wyverns
  2 small abominations (Depths:3)
  8 basilisks
  33 redbacks
  2 vampire mosquitoes (D:14)
  A water moccasin (Lair:4)
  4 acid dragons (Zot:4)
  A black bear (Lair:1)
  3 wolves
  A laughing skull (Crypt:2)
  A centaur (Lair:3)
  12 ogres
  2 bullfrogs
  An earth elemental (Depths:2)
  A wyvern skeleton (Crypt:3)
  2 howler monkeys
  4 electric eels
  4 jellies
  An orc priest (Orc:1)
  A gnoll bouda (D:10)
  3 hounds (D:10)
  An iguana (D:13)
  A hell rat (Lair:5)
  4 gnolls
  A dart slug (D:5)
  13 orcs
  An endoplasm (Lair:4)
  A goblin (D:4)
  2 frilled lizards (D:13)
  A jackal skeleton (Crypt:2)
  A kobold (D:8)
  An aspiring flesh (Zot:3)
732 creatures vanquished.

Vanquished Creatures (others)
  Polyphemus (Shoals:4)
  A frost giant (Shoals:4)
  A draconian knight (Zot:3)
  A draconian scorcher (Zot:5)
  An emperor scorpion (Spider:4)
  A vault warden (Vaults:1)
  2 ghost moths
  4 spectral tentacled monstrosities
  An ironbound preserver (Vaults:2)
  A Killer Klown zombie (Zot:5)
  2 spectral golden dragons (Zot:3)
  Nessos (D:12)
  A spectral spriggan (Zot:2)
  A black draconian (Zot:3)
  A spectral orc (Vaults:3)
  8 very ugly thing zombies
  A merfolk impaler (Shoals:4)
  A merfolk javelineer (Shoals:4)
  2 quicksilver dragon zombies (Vaults:5)
  An entropy weaver (Spider:1)
  5 Orb Guardian zombies (Zot:5)
  An ice dragon (Zot:4)
  2 two-headed ogres
  A radroach (Spider:1)
  A merfolk aquamancer (Shoals:4)
  A spectral merfolk (Vaults:2)
  2 sphinx zombies
  A spectral protean progenitor (Zot:3)
  4 boulder beetles
  4 titan zombies (Vaults:5)
  A spectral broodmother (Spider:4)
  An emperor scorpion zombie (Spider:4)
  4 storm dragon zombies
  A skyshark (Lair:2)
  2 sea snakes
  2 spark wasp zombies (Spider:4)
  2 deep trolls (Orc:1)
  2 golden dragon zombies (Zot:3)
  An orb spider (Spider:4)
  An arcanist (D:12)
  3 harpies
  2 ironbound convokers
  Lodul (D:14)
  10 wolf spider zombies
  3 shadow dragon zombies
  2 steelbarb worms (Spider:4)
  An iron dragon zombie (Vaults:5)
  10 ugly thing zombies
  A spectral blizzard demon (WizLab)
  7 wolf spiders
  2 fauns
  3 cyclopes
  4 ugly things
  3 manticores
  2 frost giant zombies
  12 draconian zombies
  2 fire giant zombies
  A moth of wrath (Zot:2)
  A spectral demonic crawler (Spider:4)
  A dire elephant zombie (Vaults:1)
  4 meliai
  A spectral rakshasa (Depths:2)
  A slime creature (Vaults:4)
  3 shock serpent zombies (WizLab)
  A black mamba (Lair:5)
  A formless jellyfish zombie (Shoals:4)
  A water nymph (Shoals:4)
  A vault sentinel (Vaults:1)
  3 death yak zombies
  2 elf zombies (Vaults:5)
  A gargoyle (D:12)
  2 purple draconian zombies
  A black draconian zombie (Zot:3)
  2 cane toads
  3 green draconian zombies
  A steelbarb worm zombie (Spider:4)
  2 yellow draconian zombies
  A rime drake (Lair:5)
  3 orb spider zombies
  9 redback zombies
  A komodo dragon (Lair:1)
  2 sea snake zombies
  7 white draconian zombies
  A yaktaur (Vaults:1)
  A merfolk (Shoals:4)
  3 harpy zombies
  A hydra zombie (Lair:4)
  16 moth of wrath zombies
  A wind drake (Depths:2)
  3 tarantellas
  A troll (D:10)
  3 death drake zombies
  2 culicivora zombies (Spider:4)
  6 ice dragon zombies (Zot:4)
  10 tarantella zombies
  3 blink frogs
  4 fire dragon zombies
  5 ettin zombies
  3 meliai zombies
  A snapping turtle (Shoals:4)
  9 jumping spider zombies
  A radroach zombie (Spider:4)
  An air elemental (Depths:2)
  2 black mamba zombies
  2 culicivoras
  7 jumping spiders
  A shadow (D:12)
  13 slime creature zombies
  4 wind drake zombies
  2 water elementals (Depths:2)
  A wyvern (Lair:5)
  2 basilisks
  5 yaks
  A vampire mosquito (D:12)
  3 redbacks
  16 deep troll zombies
  A skyshark zombie (Shoals:2)
  2 merfolk zombies
  A two-headed ogre zombie (Orc:2)
  A hell hound (Lair:5)
  A cane toad zombie (Lair:1)
  A hornet zombie (Depths:1)
  3 spectral hellwings (Crypt:3)
  2 lindwurm zombies (Vaults:2)
  A blink frog zombie (Lair:4)
  A dream sheep zombie (Shoals:2)
  2 manticore zombies
  2 centaurs (Lair:3)
  2 torpor snail zombies
  3 rime drake zombies
  2 apocalypse crab zombies (WizLab)
  2 spectral chaos spawn (Depths:3)
  A salamander zombie (Vaults:4)
  4 wyvern zombies (Lair:5)
  12 yaktaur zombies
  A hell hound zombie (Lair:5)
  3 water moccasin zombies
  4 cyclops zombies
  12 yak zombies
  5 tengu zombies
  3 polar bear zombies (Lair:5)
  A raiju zombie (Depths:2)
  5 spriggan zombies
  2 troll zombies
  4 electric eels
  4 wolf zombies
  4 bullfrog zombies
  6 centaur zombies
  2 hounds (D:10)
  2 basilisk zombies (Lair:5)
  A black bear zombie (Vaults:5)
  A boggart zombie (D:15)
  An orc wizard (D:12)
  A hell rat (Lair:5)
  2 acid dragon zombies (Zot:4)
  9 ogre zombies
  2 hound zombies
  2 hell rat zombies (Lair:5)
  A gnoll (D:10)
  55 human zombies
  An adder zombie (D:4)
  A spectral shadow imp (D:7)
  An orc (Orc:2)
  A gnoll zombie (D:5)
  A dart slug zombie (D:4)
  A frilled lizard zombie (D:13)
  2 goblin zombies (D:4)
  3 kobold zombies
  45 orc zombies
  A river rat zombie (D:14)
  7 ball lightnings (Depths:2)
  48 spectral weapons
  5 tentacles (Shoals:3)
624 creatures vanquished.

Grand Total: 2695 creatures vanquished

Notes
Turn   | Place    | Note
-------+----------+-------------------------------------------
     0 | D:1      | wormsofcant the Gnoll Wanderer began the quest for the Orb.
     0 | D:1      | wormsofcant set off with the following items: a +0 dagger,
                  | 9 boomerangs, a potion of attraction, a scroll of fear, a
                  | +0 robe; and the following spell memorised: Kiss of Death;
                  | and the following spells available to memorise: Fugue of
                  | the Fallen, Cigotuvi's Dreadful Rot.
     0 | D:1      | Reached XP level 1. HP: 13/13 MP: 6/6
   275 | D:1      | Reached XP level 2. HP: 16/19 MP: 7/7
  1021 | D:2      | Reached skill level 5 in Spellcasting
  1021 | D:2      | Reached XP level 3. HP: 25/25 MP: 7/9
  1140 | D:2      | Learned a level 1 spell: Sandblast
  1144 | D:2      | Learned a level 3 spell: Passwall
  1148 | D:2      | Learned a level 3 spell: Stone Arrow
  1437 | D:2      | Reached skill level 1 in Invocations
  1502 | D:2      | Reached skill level 1 in Fighting
  1502 | D:2      | Reached skill level 1 in Short Blades
  1502 | D:2      | Reached skill level 1 in Long Blades
  1502 | D:2      | Reached skill level 1 in Axes
  1502 | D:2      | Reached skill level 1 in Maces & Flails
  1502 | D:2      | Reached skill level 1 in Polearms
  1502 | D:2      | Reached skill level 1 in Staves
  1502 | D:2      | Reached skill level 1 in Ranged Weapons
  1502 | D:2      | Reached skill level 1 in Dodging
  1502 | D:2      | Reached skill level 1 in Stealth
  1502 | D:2      | Reached skill level 1 in Shields
  1502 | D:2      | Reached skill level 1 in Evocations
  1599 | D:2      | Reached skill level 1 in Shapeshifting
  1599 | D:2      | Reached XP level 4. HP: 32/32 MP: 8/11
  1868 | D:3      | Learned a level 4 spell: Dispel Undead
  1988 | D:3      | Reached skill level 1 in Conjurations
  1988 | D:3      | Reached skill level 1 in Hexes
  1988 | D:3      | Reached skill level 1 in Summonings
  1988 | D:3      | Reached skill level 1 in Translocations
  1988 | D:3      | Reached skill level 1 in Fire Magic
  1988 | D:3      | Reached skill level 1 in Ice Magic
  1988 | D:3      | Reached skill level 1 in Air Magic
  1988 | D:3      | Reached skill level 1 in Earth Magic
  1988 | D:3      | Reached skill level 1 in Alchemy
  2670 | D:3      | Reached XP level 5. HP: 20/37 MP: 10/12
  3128 | D:4      | Noticed Edmund
  3499 | D:4      | Found a staircase to the Ecumenical Temple.
  3507 | Temple   | Entered the Ecumenical Temple
  3567 | Temple   | Became a worshipper of Yredelemnul the Dark
  3684 | D:4      | Reached XP level 6. HP: 25/44 MP: 13/13
  3788 | D:4      | Found a runed translucent door.
  3789 | D:4      | Noticed Crazy Yiuf
  4122 | D:5      | Entered Level 5 of the Dungeon
  4144 | D:5      | Reached skill level 5 in Throwing
  4144 | D:5      | Reached skill level 5 in Unarmed Combat
  4255 | D:5      | Noticed an ice beast
  4307 | D:5      | Found a stormy altar of Qazlal.
  4446 | D:5      | Noticed a water moccasin
  4865 | D:6      | Reached XP level 7. HP: 50/50 MP: 13/15
  5119 | D:6      | Identified a scroll of acquirement
  5125 | D:6      | Acquired the +5 kite shield "Ownaalick" {MP+9 Dex+4 Stlth+}
  5940 | D:6      | Noticed a hornet
  7054 | D:7      | Reached XP level 8. HP: 40/47 MP: 16/16
  7193 | D:7      | Learned a level 3 spell: Frozen Ramparts
  8368 | D:7      | Reached skill level 6 in Unarmed Combat
  8688 | D:6      | Reached XP level 9. HP: 64/65 MP: 12/18
  8902 | D:5      | Identified the +1 leather armour "Bebopp" {Int+5 SInv}
  8967 | D:5      | Reached * piety under Yredelemnul
  9096 | D:5      | Reached ** piety under Yredelemnul
  9097 | D:5      | Reached skill level 5 in Armour
  9525 | D:4      | Killed Edmund
  9818 | D:4      | Your ally Edmund died
  9834 | D:4      | Killed Crazy Yiuf
 10302 | D:8      | Reached skill level 5 in Invocations
 11453 | D:8      | Found an ornate altar of the Wu Jian Council.
 11453 | D:8      | Found a white marble altar of Elyvilon.
 11493 | D:8      | Noticed Pikel
 11505 | D:7      | Killed Pikel
 11506 | D:7      | Reached skill level 5 in Fighting
 11506 | D:7      | Reached skill level 5 in Short Blades
 11506 | D:7      | Reached skill level 5 in Long Blades
 11506 | D:7      | Reached skill level 5 in Axes
 11506 | D:7      | Reached skill level 5 in Maces & Flails
 11506 | D:7      | Reached skill level 5 in Polearms
 11506 | D:7      | Reached skill level 5 in Staves
 11506 | D:7      | Reached skill level 5 in Ranged Weapons
 11506 | D:7      | Reached skill level 5 in Dodging
 11506 | D:7      | Reached skill level 5 in Stealth
 11506 | D:7      | Reached skill level 5 in Shields
 11506 | D:7      | Reached skill level 7 in Unarmed Combat
 11506 | D:7      | Reached skill level 5 in Evocations
 11506 | D:7      | Reached XP level 10. HP: 63/74 MP: 5/20
 11722 | D:9      | Found a runed translucent door.
 11722 | D:9      | Noticed BeingJoeMalik's ghost (journeyman GrEE)
 12077 | D:9      | Reached skill level 5 in Shapeshifting
 12100 | D:9      | Reached *** piety under Yredelemnul
 12155 | D:9      | Found a staircase to the Orcish Mines.
 12155 | D:9      | You fall into a shaft and drop 3 floors!
 12156 | D:12     | nice
 12197 | D:12     | Noticed a boulder beetle
 12357 | D:11     | Noticed a red ugly thing
 12364 | D:12     | Noticed a green ugly thing
 12403 | D:11     | Noticed a two-headed ogre
 12507 | D:10     | Entered Level 10 of the Dungeon
 12621 | D:9      | Identified the +6 spear of Parts Unknown {freeze, rElec
                  | Str+6}
 12809 | D:9      | Found a runed translucent door.
 12812 | D:9      | Noticed an orange crystal statue
 12812 | D:9      | Found the +10 tower shield of Ignorance {rN+ Int-4}
 12940 | D:9      | Found a runed translucent door.
 13483 | D:9      | Learned a level 4 spell: Anguish
 13983 | D:10     | Noticed Grum
 14358 | D:10     | Reached skill level 5 in Conjurations
 14358 | D:10     | Reached skill level 5 in Hexes
 14358 | D:10     | Reached skill level 5 in Summonings
 14358 | D:10     | Reached skill level 5 in Translocations
 14358 | D:10     | Reached skill level 5 in Fire Magic
 14358 | D:10     | Reached skill level 5 in Ice Magic
 14358 | D:10     | Reached skill level 5 in Air Magic
 14358 | D:10     | Reached skill level 5 in Earth Magic
 14358 | D:10     | Reached skill level 5 in Alchemy
 14358 | D:10     | Reached XP level 11. HP: 81/81 MP: 14/22
 14363 | D:10     | Learned a level 4 spell: Martyr's Knell
 14406 | D:10     | Found a staircase to the Lair.
 14868 | D:10     | Killed Grum
 15009 | Lair:1   | Entered Level 1 of the Lair of Beasts
 15043 | Lair:1   | Reached skill level 8 in Unarmed Combat
 15057 | Lair:1   | Reached **** piety under Yredelemnul
 15059 | Lair:1   | Reached ***** piety under Yredelemnul
 15359 | Lair:1   | Found a frozen archway.
 15381 | Lair:1   | Noticed a catoblepas
 15392 | Lair:1   | Killed a catoblepas
 15393 | Lair:1   | Reached ****** piety under Yredelemnul
 15554 | IceCv    | Entered an ice cave
 15961 | Lair:2   | You fall into a shaft and drop 1 floor!
 15962 | Lair:3   | Noticed a seven-headed hydra
 15983 | Lair:2   | Reached XP level 12. HP: 71/91 MP: 19/24
 16398 | Lair:2   | Noticed a skyshark
 16416 | Lair:2   | Killed a skyshark
 16535 | Lair:2   | Found a hole to the Spider Nest.
 17059 | Lair:3   | Reached skill level 9 in Unarmed Combat
 17077 | Lair:3   | Noticed a death yak
 17090 | Lair:3   | Noticed a death yak
 17093 | Lair:3   | Noticed a death yak
 17099 | Lair:3   | Noticed a death yak
 17103 | Lair:3   | Killed a death yak
 17223 | Lair:2   | Killed a death yak
 17496 | Lair:3   | Noticed a boulder beetle
 17547 | Lair:3   | Killed a boulder beetle
 17624 | Lair:3   | Found a staircase to the Shoals.
 17651 | Lair:3   | Killed a seven-headed hydra
 17838 | Lair:3   | Killed a death yak
 17839 | Lair:3   | Killed a death yak
 17840 | Lair:3   | Reached XP level 13. HP: 87/98 MP: 17/26
 18233 | Lair:4   | Found a viscous altar of Jiyva.
 18237 | Lair:4   | Found a staircase to the Slime Pits.
 18275 | Lair:4   | Reached skill level 10 in Spellcasting
 18545 | Lair:5   | Entered Level 5 of the Lair of Beasts
 18765 | Lair:5   | Reached skill level 10 in Throwing
 18765 | Lair:5   | Reached skill level 10 in Unarmed Combat
 18859 | Lair:5   | Identified the +6 plate armour of Refuge {Regen+ Str+3}
 19077 | Lair:5   | Reached XP level 14. HP: 82/108 MP: 20/28
 19078 | Lair:5   | Reached skill level 10 in Invocations
 19278 | Lair:5   | Identified the +0 helmet of Sany Tul {rPois}
 19858 | Lair:5   | Learned a level 5 spell: Lee's Rapid Deconstruction
 19864 | Lair:5   | Learned a level 5 spell: Yara's Violent Unravelling
 20665 | D:9      | Killed BeingJoeMalik's ghost
 20783 | D:11     | Reached skill level 10 in Armour
 21049 | D:11     | Acquired 963 gold pieces
 21063 | D:11     | Learned a level 3 spell: Vampiric Draining
 21184 | D:11     | Noticed Sonja
 21187 | D:11     | Sonja changed into Sonja the hornet
 21187 | D:11     | Noticed Sonja
 21190 | D:11     | Killed Sonja the hornet
 21640 | Orc:1    | Entered Level 1 of the Orcish Mines
 21932 | Orc:2    | Entered Level 2 of the Orcish Mines
 22695 | Orc:1    | Reached skill level 10 in Necromancy
 23151 | Orc:2    | Reached skill level 10 in Fighting
 23151 | Orc:2    | Reached skill level 10 in Short Blades
 23151 | Orc:2    | Reached skill level 10 in Long Blades
 23151 | Orc:2    | Reached skill level 10 in Axes
 23151 | Orc:2    | Reached skill level 10 in Maces & Flails
 23151 | Orc:2    | Reached skill level 10 in Polearms
 23151 | Orc:2    | Reached skill level 10 in Staves
 23151 | Orc:2    | Reached skill level 10 in Ranged Weapons
 23151 | Orc:2    | Reached skill level 10 in Dodging
 23151 | Orc:2    | Reached skill level 10 in Stealth
 23151 | Orc:2    | Reached skill level 10 in Shields
 23151 | Orc:2    | Reached skill level 11 in Unarmed Combat
 23151 | Orc:2    | Reached skill level 10 in Evocations
 23461 | Orc:1    | Reached XP level 15. HP: 106/115 MP: 30/30
 23565 | Orc:2    | Found Zaem's Weapon Shop.
 23585 | Orc:2    | Found Soititau's Book Emporium.
 23614 | Orc:2    | Found Dalion's Jewellery Boutique.
 23637 | Orc:2    | Found Toydgh's Distillery.
 23663 | Orc:2    | Bought a potion of heal wounds for 50 gold pieces
 23663 | Orc:2    | Bought 2 potions of might for 80 gold pieces
 23663 | Orc:2    | Bought 2 potions of degeneration for 20 gold pieces
 23664 | Orc:2    | Bought a potion of curing for 30 gold pieces
 23664 | Orc:2    | Bought a potion of haste for 100 gold pieces
 23664 | Orc:2    | Bought a potion of haste for 100 gold pieces
 23998 | Orc:2    | Found a staircase to the Elven Halls.
 24285 | Orc:2    | Bought a book of Cantrips for 208 gold pieces
 24287 | Orc:2    | Learned a level 1 spell: Apportation
 24287 | Orc:2    | Bought a book of Battle for 338 gold pieces
 24293 | Orc:2    | Bought a potion of berserk rage for 50 gold pieces
 24499 | Orc:2    | Bought an amulet of regeneration for 330 gold pieces
 24774 | D:12     | Noticed Nessos
 24790 | D:12     | Killed Nessos
 24807 | D:12     | Noticed a frost giant
 24822 | D:12     | Killed a frost giant
 25198 | D:12     | Noticed Jorgrun
 25393 | D:12     | Killed Jorgrun
 25745 | D:13     | Noticed Urug
 25878 | D:13     | Urug changed into Urug the queen bee
 25878 | D:13     | Noticed Urug
 25893 | D:13     | Killed Urug the queen bee
 26355 | D:13     | Found Loahiub's Magic Scroll Shoppe.
 26358 | D:13     | Bought a scroll of blinking for 112 gold pieces
 26358 | D:13     | Bought a scroll of blinking for 112 gold pieces
 26358 | D:13     | Bought a scroll of blinking for 112 gold pieces
 26358 | D:13     | Bought a scroll of teleportation for 45 gold pieces
 27427 | D:14     | Acquired the +11 broad axe of Larizuo {venom, rElec rC+
                  | Will+ Str-3 SInv}
 27523 | D:14     | Noticed Lodul
 27560 | D:14     | Killed Lodul
 27564 | D:14     | Your ally Lodul died
 27902 | D:14     | Reached skill level 12 in Unarmed Combat
 27939 | D:14     | Found a portal to a secret trove of treasure.
 28051 | D:14     | Found a gate to the Vaults.
 28059 | D:14     | Reached skill level 10 in Shapeshifting
 28511 | D:13     | Bought a scroll of enchant armour for 112 gold pieces
 28557 | D:15     | Entered Level 15 of the Dungeon
 28715 | D:15     | Reached XP level 16. HP: 124/124 MP: 32/32
 28925 | D:15     | Noticed Roxanne
 29477 | D:15     | Learned a level 3 spell: Ozocubu's Armour
 29646 | Spider:1 | Entered Level 1 of the Spider Nest
 30652 | Spider:1 | Reached skill level 13 in Unarmed Combat
 31714 | Spider:3 | Reached XP level 17. HP: 133/133 MP: 18/33
 31925 | Spider:3 | Reached skill level 10 in Conjurations
 31925 | Spider:3 | Reached skill level 10 in Hexes
 31925 | Spider:3 | Reached skill level 10 in Summonings
 31925 | Spider:3 | Reached skill level 10 in Translocations
 31925 | Spider:3 | Reached skill level 10 in Fire Magic
 31925 | Spider:3 | Reached skill level 10 in Ice Magic
 31925 | Spider:3 | Reached skill level 10 in Air Magic
 31925 | Spider:3 | Reached skill level 10 in Earth Magic
 31925 | Spider:3 | Reached skill level 10 in Alchemy
 32247 | Spider:3 | Identified the +4 long sword of the Silent Majority {heavy,
                  | rF+ Int+3}
 32252 | Spider:3 | Identified the +2 leather armour "Damnable Contraption"
                  | {rN+ Slay+2 SInv}
 32381 | Spider:3 | Reached skill level 14 in Unarmed Combat
 32604 | Spider:3 | Upgraded the game from 0.31.0-9-g3a7656b989 to
                  | 0.31.0-11-ge490571c62
 32605 | Spider:4 | Entered Level 4 of the Spider Nest
 33910 | Spider:4 | Reached XP level 18. HP: 141/141 MP: 35/35
 34121 | Spider:4 | Got a gossamer rune of Zot
 34327 | Lair:2   | Learned a level 5 spell: Borgnjor's Vile Clutch
 34587 | Shoals:1 | Entered Level 1 of the Shoals
 34687 | Shoals:1 | Reached skill level 15 in Unarmed Combat
 35413 | Shoals:2 | Noticed Ilsuiw
 35711 | Shoals:2 | Killed Ilsuiw
 36492 | Shoals:3 | Found a transporter.
 36494 | Shoals:3 | Found a transporter.
 36495 | Shoals:3 | Noticed case's ghost (adept MiBe)
 37573 | Shoals:4 | Entered Level 4 of the Shoals
 37593 | Shoals:4 | Noticed Polyphemus
 37767 | Shoals:4 | Killed Polyphemus
 37931 | Shoals:4 | Reached XP level 19. HP: 137/149 MP: 4/37
 37934 | Shoals:4 | Your ally Polyphemus died
 37935 | Shoals:4 | Reached skill level 16 in Unarmed Combat
 38060 | Shoals:4 | Got a barnacled rune of Zot
 39344 | Vaults:1 | Entered Level 1 of the Vaults
 39726 | Vaults:1 | Found Lobyisif's Assorted Antiques.
 39729 | Vaults:1 | Bought a scroll of vulnerability for 92 gold pieces
 39729 | Vaults:1 | Bought a potion of lignification for 69 gold pieces
 40240 | Vaults:1 | Noticed Nikola
 40265 | Vaults:1 | Killed Nikola
 40808 | D:14     | You paid a toll of +3 storm dragon scales to enter a
                  | treasure trove
 40809 | Trove    | Entered a treasure trove
 40819 | Trove    | Identified the ring "Utraj" {^Drain *Slow rC+ rN+ Str+7}
 40821 | Trove    | Identified the ring "Iczoet" {rElec rPois Will+ MP+9 Dex+3}
 40823 | Trove    | Identified the ring of Cuacy {rF+ rN++}
 40829 | Trove    | Identified the ring of the Tuna {Will+ Int+2 SInv}
 40833 | Trove    | Identified the ring "Iliyclex" {AC+4 Stlth+}
 40839 | Trove    | Identified the amulet "Ykhuskept" {Acrobat Harm Str+2
                  | Int+4}
 40841 | Trove    | Identified the ring "Jitomuo" {rPois rC+ Will+ rCorr}
 40846 | Trove    | Identified the ring of Potorph Zelic {rPois AC+4}
 41151 | Vaults:2 | Acquired the amulet of Idghoar {Faith rPois rF+ Regen+
                  | Str+5}
 41398 | Vaults:2 | Reached skill level 15 in Invocations
 41592 | Vaults:2 | Reached skill level 17 in Unarmed Combat
 41619 | Vaults:2 | Identified the +0 plate armour of Vampiric Thralls {Harm
                  | rElec rN+ Str+2}
 41830 | Vaults:2 | Identified the +0 pair of boots of Tortelloni {Rampage}
 41897 | Vaults:2 | Reached XP level 20. HP: 158/158 MP: 38/38
 42213 | Vaults:2 | Found an ancient bone altar of Kikubaaqudgha.
 42214 | Vaults:2 | Found a staircase to the Crypt.
 42250 | Vaults:2 | Found a basalt altar of Yredelemnul.
 42797 | Vaults:2 | Paralysed by a formless jellyfish for 1 turns
 43039 | Vaults:2 | Learned a level 5 spell: Freezing Cloud
 43084 | Vaults:3 | Noticed Zenata
 43090 | Vaults:3 | Zenata changed into Zenata the fire giant
 43090 | Vaults:3 | Noticed Zenata
 43092 | Vaults:3 | Killed Zenata the fire giant
 43272 | Vaults:3 | Reached skill level 15 in Spellcasting
 43368 | Vaults:3 | Your ally Zenata died
 43745 | Vaults:3 | Reached skill level 15 in Throwing
 43847 | Vaults:3 | Noticed Jory
 43867 | Vaults:3 | Killed Jory
 44291 | Vaults:3 | You fall into a shaft and drop 1 floor!
 44440 | Vaults:4 | Found a magical portal.
 44452 | WizLab   | Entered The Chambers of the Cloud Mage
 44575 | WizLab   | Paralysed by an air elemental for 1 turns
 44579 | WizLab   | Paralysed by an air elemental for 1 turns
 44723 | WizLab   | Reached skill level 18 in Unarmed Combat
 45025 | WizLab   | Paralysed by an air elemental for 1 turns
 45032 | WizLab   | Paralysed by an air elemental for 1 turns
 45196 | WizLab   | Noticed Mucuibla
 45208 | WizLab   | Killed Mucuibla the Cloud Mage
 45230 | WizLab   | Got the Catalogue of the Birds
 45235 | WizLab   | Identified the +8 quick blade of the Telling Gods {vamp,
                  | rC+ Will- Dex+9}
 45849 | Vaults:3 | Reached XP level 21. HP: 160/166 MP: 40/40
 46418 | Vaults:4 | Reached skill level 15 in Armour
 46675 | Vaults:4 | Acquired 1071 gold pieces
 47017 | Vaults:4 | Acquired the +11 demon trident "Xowoh" {spect, rF+ rC+
                  | Int+3}
 47410 | Orc:2    | Bought a potion of cancellation for 80 gold pieces
 47410 | Orc:2    | Bought a potion of resistance for 100 gold pieces
 47410 | Orc:2    | Bought a potion of resistance for 100 gold pieces
 47618 | Vaults:1 | Bought a wand of polymorph (4) for 128 gold pieces
 47618 | Vaults:1 | Bought a wand of polymorph (4) for 128 gold pieces
 47862 | D:15     | Found a staircase to the Depths.
 47889 | Depths:1 | Entered Level 1 of the Depths
 48240 | Depths:1 | Found a hazy altar of Hepliaklqana.
 48483 | Depths:1 | Found a gateway to Hell.
 48849 | Depths:2 | Reached skill level 15 in Fighting
 48849 | Depths:2 | Reached skill level 15 in Short Blades
 48849 | Depths:2 | Reached skill level 15 in Long Blades
 48849 | Depths:2 | Reached skill level 15 in Axes
 48849 | Depths:2 | Reached skill level 15 in Maces & Flails
 48849 | Depths:2 | Reached skill level 15 in Polearms
 48849 | Depths:2 | Reached skill level 15 in Staves
 48849 | Depths:2 | Reached skill level 15 in Ranged Weapons
 48849 | Depths:2 | Reached skill level 15 in Dodging
 48849 | Depths:2 | Reached skill level 15 in Stealth
 48849 | Depths:2 | Reached skill level 15 in Shields
 48849 | Depths:2 | Reached skill level 15 in Evocations
 48935 | Depths:2 | Identified the +5 great mace "Murmur" {speed, *Noise +Blink
                  | rElec Dex+4}
 49088 | Depths:2 | Identified the +10 morningstar of Fuzzy Absolution {freeze,
                  | SInv}
 49133 | Depths:2 | Paralysed by an air elemental for 1 turns
 49148 | Depths:2 | Paralysed by an air elemental for 1 turns
 49786 | Depths:2 | Reached skill level 19 in Unarmed Combat
 50105 | Depths:2 | Paralysed by an air elemental for 1 turns
 50113 | Depths:2 | Noticed the Enchantress
 50121 | Depths:2 | Reached XP level 22. HP: 107/168 MP: 30/42
 50122 | Depths:2 | Identified the +4 dagger of Currency {spect, rF+ rC+ Dex+2}
 50123 | Depths:2 | Killed the Enchantress
 50123 | Depths:2 | Charmed the Enchantress
 50271 | Depths:2 | Got Qefeash's Exposition on the Translocational Icicle
 50316 | Depths:2 | Learned a level 6 spell: Sculpt Simulacrum
 50360 | Depths:2 | Identified the ring of Vuss {rC+ Str+6 Int+2}
 50431 | Depths:2 | Found a one-way gate leading to the halls of Pandemonium.
 51388 | Depths:3 | Found a one-way gate to the infinite horrors of the Abyss.
 52090 | Depths:3 | Noticed a golden dragon
 52100 | Depths:3 | Killed a golden dragon
 52110 | Depths:3 | Found Baotigh's Island Escapes.
 52325 | Depths:4 | Entered Level 4 of the Depths
 52351 | Depths:4 | Noticed a golden dragon
 52361 | Depths:4 | Noticed a caustic shrike
 52364 | Depths:4 | Noticed a caustic shrike
 52367 | Depths:4 | Killed a caustic shrike
 52369 | Depths:4 | Noticed a caustic shrike
 52372 | Depths:4 | Killed a golden dragon
 52373 | Depths:4 | Killed a caustic shrike
 52378 | Depths:4 | Killed a caustic shrike
 52458 | Depths:4 | Found a gate to the Realm of Zot.
 52625 | Depths:4 | Reached skill level 20 in Unarmed Combat
 52887 | Depths:4 | Found a one-way gateway to a ziggurat.
 53182 | Depths:4 | Found a shadowy altar of Dithmenos.
 53374 | Depths:4 | Reached XP level 23. HP: 183/183 MP: 42/43
 53414 | Depths:4 | Learned a level 4 spell: Cause Fear
 53726 | Crypt:1  | Entered Level 1 of the Crypt
 53751 | Crypt:1  | Noticed Vv
 54251 | Crypt:2  | Identified the +2 great sword "Trog's Hatred" {pain, Int+3
                  | Dex+2}
 54422 | Crypt:2  | Noticed Xtahua
 54448 | Crypt:2  | Killed Xtahua
 55584 | Crypt:3  | Entered Level 3 of the Crypt
 55865 | Crypt:3  | Reached skill level 15 in Shapeshifting
 56175 | Crypt:3  | Found a staircase to the Tomb.
 56418 | Crypt:3  | Found an ancient bone altar of Kikubaaqudgha.
 56661 | Crypt:3  | Identified the +4 quick blade "Wigosoz" {venom, rF+ rC+ rN+
                  | Int-3 SInv}
 56667 | Crypt:3  | Identified the staff "Vuthreaxt" {rPois rN+ Conj Alchemy}
 56921 | Crypt:3  | Found the +3 greatsling "Punk" {acid, rCorr}
 56923 | Crypt:3  | Noticed an ancient lich
 56923 | Crypt:3  | Noticed an ancient lich
 56934 | Crypt:3  | Killed an ancient lich
 56936 | Crypt:3  | Killed an ancient lich
 56937 | Crypt:3  | Reached skill level 15 in Necromancy
 56979 | Crypt:3  | Identified the staff of Disarray {Fly rElec rF+ Fire}
 57710 | Tomb:1   | Entered Level 1 of the Tomb of the Ancients
 58120 | Slime:1  | Entered Level 1 of the Pits of Slime
 58462 | Vaults:5 | Entered Level 5 of the Vaults
 58468 | Vaults:5 | Reached skill level 21 in Unarmed Combat
 58558 | Vaults:5 | Reached XP level 24. HP: 66/188 MP: 44/44
 58717 | Vaults:5 | Identified the +0 eveningstar of Magnificence {antimagic,
                  | rC+ Str+3}
 58729 | Vaults:5 | Identified the ring of Sif Muna's Favour {Ice rCorr Str-5
                  | Int+3 Dex+5}
 58775 | Vaults:5 | Identified the blade talisman "Tekhlotopp" {Str+3 Slay+3}
 58809 | Vaults:5 | Found the +2 ratskin cloak {*Rats rPois rN+ Str-1 Int-1
                  | Dex+1}
 58817 | Vaults:5 | Identified the +4 ring mail "Naije" {rCorr Dex+3}
 58988 | Vaults:5 | Identified the +6 hand axe of Loitziqi {elec, rPois rN+
                  | Int+4 Dex-3}
 59047 | Vaults:5 | Identified the ring of Igerurr {Str+6 Dex+6}
 59047 | Vaults:5 | Noticed a dread lich
 59193 | Vaults:5 | Killed a dread lich
 59709 | Vaults:5 | Acquired the +18 shield of the Gong {Loud rN+ Will+ rCorr
                  | EV-5}
 59709 | Vaults:5 | Found the +18 shield of the Gong {Loud rN+ Will+ rCorr
                  | EV-5}
 59720 | Vaults:5 | Got a silver rune of Zot
 60726 | Zot:1    | Entered Level 1 of the Realm of Zot
 60787 | Zot:1    | Noticed a curse toe
 60840 | Zot:1    | Killed a curse toe
 61272 | Zot:1    | Reached skill level 22 in Unarmed Combat
 61550 | Zot:1    | Reached XP level 25. HP: 178/201 MP: 44/44
 61813 | Zot:2    | Your ally bound Enchantress spriggan died
 61994 | Zot:3    | Noticed Emnejil's ghost (master VSBe)
 61998 | Zot:3    | Noticed a Killer Klown
 61998 | Zot:3    | Noticed a Killer Klown
 62000 | Zot:3    | Noticed a Killer Klown
 62006 | Zot:3    | Noticed a dread lich
 62074 | Zot:3    | Killed a Killer Klown
 62425 | Zot:3    | Found a transporter.
 62428 | Zot:3    | Found a transporter.
 62452 | Zot:3    | Reached skill level 15 in Conjurations
 62452 | Zot:3    | Reached skill level 15 in Hexes
 62452 | Zot:3    | Reached skill level 15 in Summonings
 62452 | Zot:3    | Reached skill level 15 in Translocations
 62452 | Zot:3    | Reached skill level 15 in Fire Magic
 62452 | Zot:3    | Reached skill level 15 in Ice Magic
 62452 | Zot:3    | Reached skill level 15 in Air Magic
 62452 | Zot:3    | Reached skill level 15 in Earth Magic
 62452 | Zot:3    | Reached skill level 15 in Alchemy
 62536 | Zot:3    | Acquired the ring "Meur Zit" {+Blink rElec Str+6}
 63755 | Zot:4    | Noticed Parghit
 64090 | Zot:4    | Killed Parghit
 64313 | Zot:4    | Found the +4 dragonskin cloak
 64313 | Zot:4    | Noticed Tiamat
 64367 | Zot:4    | Killed Tiamat
 64368 | Zot:4    | Reached skill level 23 in Unarmed Combat
 64368 | Zot:4    | Reached XP level 26. HP: 169/211 MP: 12/45
 64625 | Zot:4    | Identified the +5 morningstar "Hefe" {elec, *Noise rPois
                  | rF+ Str+3}
 64738 | Zot:4    | Identified the amulet "Wyhaomun" {Regen+ Dex+3}
 64765 | Zot:4    | Got the Book of Blasts
 64768 | Zot:4    | Identified the +3 trident of the Vestibule of Hell {flame,
                  | *Corrode rF+ Str+3 Int+3}
 64889 | Zot:4    | Your ally Tiamat died
 65217 | Zot:4    | Identified the +7 orcbow of Popular Demand {freeze, Will++
                  | Str+3 Int+2}
 65350 | Zot:5    | Entered Level 5 of the Realm of Zot
 65624 | Zot:5    | Identified the +9 dire flail of the World {drain, Int+5
                  | Dex+6}
 66141 | Zot:5    | Noticed a Killer Klown
 66146 | Zot:5    | Noticed an ancient lich
 66149 | Zot:5    | Killed a Killer Klown
 66151 | Zot:5    | Noticed an orb of fire
 66152 | Zot:5    | Killed an ancient lich
 66929 | Zot:5    | Noticed a Killer Klown
 66939 | Zot:5    | Killed a Killer Klown
 67068 | Zot:5    | Noticed an ancient lich
 67071 | Zot:5    | Noticed a Killer Klown
 67075 | Zot:5    | Killed an ancient lich
 67076 | Zot:5    | Killed a Killer Klown
 67082 | Zot:5    | Killed an orb of fire
 67085 | Zot:5    | Noticed an orb of fire
 67086 | Zot:5    | Noticed a dread lich
 67091 | Zot:5    | Killed an orb of fire
 67094 | Zot:5    | Noticed a Killer Klown
 68186 | Zot:5    | Killed a dread lich
 68191 | Zot:5    | Killed a Killer Klown
 68224 | Zot:5    | Noticed an orb of fire
 68229 | Zot:5    | Gained mutation: You are dopey. (Int -2) [an orb of fire]
 68230 | Zot:5    | Noticed an orb of fire
 68265 | Zot:5    | Killed an orb of fire
 68266 | Zot:5    | Gained mutation: You sometimes lose your temper in combat.
                  | [an orb of fire]
 68272 | Zot:5    | Killed an orb of fire
 69500 | Zot:4    | Lost mutation: You are dopey. (Int -2) [potion of mutation]
 69500 | Zot:4    | Lost mutation: You sometimes lose your temper in combat.
                  | [potion of mutation]
 69500 | Zot:4    | Gained mutation: Your system is resistant to poisons.
                  | (rPois) [potion of mutation]
 69874 | Depths:2 | Learned a level 3 spell: Swiftness
 70040 | Zot:5    | Learned a level 5 spell: Summon Mana Viper
 70119 | Zot:5    | Noticed a Killer Klown
 70131 | Zot:5    | Killed a Killer Klown
 70628 | Zot:5    | Noticed a Killer Klown
 70628 | Zot:5    | Noticed a Killer Klown
 70628 | Zot:5    | Noticed a Killer Klown
 70638 | Zot:5    | Got the Orb of Zot
 70648 | Zot:5    | nice
 70692 | Zot:3    | Reached XP level 27. HP: 201/219 MP: 46/46
 70737 | Zot:1    | Noticed Bugoi the pandemonium lord
 70742 | Zot:1    | Noticed Muckurat the pandemonium lord
 70799 | Depths:2 | Noticed Utain Iqamp the pandemonium lord
 70864 | Depths:1 | Noticed Xakliuty the pandemonium lord
 71227 | D:$      | Escaped with the Orb!

Illustrated notes .... .... ..... #####..... #........# #........# #......... #.@......# #........# ########## Turn 12156 on D:12: nice

,,,,,,,,,,,,,** #..^^.........#
,,,^,,,,,,,,,^* ##...........##
,,,,,,,,,,,,,,* #......^.^Z.#
,,,,,,,,,,,,,,* ##...........##
,,^,,,,,,,,,^,* #.............#
,,,^,,,,,,,,,,* ##^........Z...##
,,,,,,,,,,,,,,*##...............#
...,,,,,,,,,,###...###########...
...,,,^,,,,,*#..@.## ##..
..y,,,,,,....^..### ###
..D##▓▓▓▓▓▓▓▓▓▓▓* #
............▓▓▓▓
...X...........▓## **
.................## **,
........^.X.......# ▓▓▓▓▓▓▓▓▓ *,,
..................▓▓▓..§....▓▓*,,
..............^...▓▓.........▓▓,,


Turn 70648 on Zot:5: nice

Levels and vault maps discovered:
D:1:      tarquinn_simple_flora_water_d, layout_loops_corners,
          kennysheep_doodads
D:2:      layout_rooms, serial_bayou_pond_e
D:3:      layout_basic
D:4:      layout_rooms, minmay_temple_entry_glassed_door,
          dreamdust_princess_corridor, serial_bayou_pond_c,
          minmay_crystal_water, minmay_bisected, uniq_crazy_yiuf_cottage,
          uniq_edmund
D:5:      layout_rooms, grunt_qazlal_clouds
D:6:      layout_basic, minivault_14
D:7:      layout_basic
D:8:      layout_cave_pools, gammafunk_temple_overflow_wave, uniq_pikel
D:9:      layout_loops_corners, hiddenorc2_lemuel, enter_bailey_2,
          hellmonk_ghost_happy_afterlife, chequers_guarded_unrand_ignorance
D:10:     layout_cave_pods, erik_lair_island, uniq_grum
D:11:     layout_roguey, eino_jars, uniq_sonja
D:12:     hourglass_vault, layout_rooms, uniq_nessos, uniq_jorgrun
D:13:     layout_loops_ring, serial_shops, nicolae_shop_rolled_up,
          minmay_lizard_king, uniq_urug
D:14:     layout_grid_maze, erik_vaults_1, enter_trove_5,
          serial_library_hellmonk_hallway_a, uniq_lodul
D:15:     grunt_enter_depths_hoard, layout_loops_ring, chequers_mini_garden,
          skrybe_limestone_x, uniq_roxanne
Temple:   hellmonk_temple_of_storms
Lair:1:   layout_regular_city, portal_ice_cave_entry_pillars_1,
          grunt_megastairs_2
Lair:2:   layout_regular_city, hellmonk_spider_entry_life_and_decay
Lair:3:   layout_chaotic_city, minmay_shoals_entry_centaurs
Lair:4:   layout_roguey, slime_entry_2, beast_lair_carwin_5
Lair:5:   evilmike_catoblepas_cave, layout_gridlike, special_room
          [special_room_mythical_zoo], st_stairs_11,
          nicolae_quartered_pool_medium, grunt_forest_large_clearings
Shoals:1: layout_shoals
Shoals:2: layout_shoals, nicolae_shoals_isolated_beach, uniq_ilsuiw
Shoals:3: layout_shoals, ebering_ghost_davey_jones,
          nicolae_shoals_lost_giant_temple,
          nicolae_shoals_stone_sculpture_thing, nicolae_shoals_square_sea_wall,
          nicolae_shoals_so_close
Shoals:4: shoals_end_grunt_ice, layout_shoals, uniq_polyphemus
Spider:1: layout_spider_delve, special_room
Spider:2: nicolae_spider_jumping_over_cracks [nicolae_spider_jumping_sub_moat,
          nicolae_spider_jumping_sub_empty, nicolae_spider_jumping_sub_notch,
          nicolae_spider_jumping_sub_stairs]
Spider:3: nicolae_spider_mines_1
Spider:4: hellmonk_spider_rune_endless_swarm, hangedman_stitches_earthworm
Slime:1:  layout_caves
Orc:1:    layout_caves, basic_altar
Orc:2:    st_orc_open, layout_caves
Vaults:1: nicolae_vaults_meiosis, nicolae_vaults_diamond_2,
          serial_library_hellmonk_open_cross, ontoclasm_vaults_loading_screen,
          vaults_mumra_lcd, nicolae_vaults_little_squares_6,
          nicolae_vaults_theta, vaults_room_grunt_arrival_ludios, v_misc_22,
          nicolae_vaults_sealed_display, layout_vaults_omnicross, serial_shops,
          nicolae_shop_real_fake_doors, uniq_nikola
Vaults:2: nicolae_vaults_tetromino_L_1, minmay_orc_keep, ontoclasm_vaults_spin,
          nicolae_vaults_six-pack, ontoclasm_vaults_loading_screen,
          nicolae_vaults_circle_grid_b, nicolae_vaults_weapon_check,
          minmay_crypt_entry_necro_gods, v_alt_pattern_5, ontoclasm_vaults_eye,
          layout_vaults_big_room
Vaults:3: grunt_vaults_focal, nicolae_vaults_storage_closets_3,
          nicolae_vaults_border_crossing, v_rooms_2,
          hangedman_vaults_stretched_pinwheel, ontoclasm_vaults_ligature,
          v_misc_13, layout_vaults_omnigrid, uniq_zenata, uniq_jory
Vaults:4: mu_enter_wizlab_2, grunt_vaults_funneled_arena,
          nicolae_vaults_more_shelving_2, nicolae_vaults_offset_grid_hallway_2,
          vaults_dpeg_cross, nicolae_vaults_network_square, vaults_room_pools,
          vaults_room_pools, ontoclasm_vaults_idyll,
          nicolae_vaults_layer_cake_slice, vaults_room_fours,
          nicolae_vaults_tetromino_T_1, hangedman_vaults_maws,
          layout_vaults_maze
Vaults:5: serial_shops
Crypt:1:  layout_misc_corridors, uniq_vv
Crypt:2:  layout_regular_city, uniq_xtahua
Crypt:3:  evilmike_haunted_forest
Tomb:1
Depths:1: layout_gridlike, minmay_misc_feat_ornament, pf_hell_entry_great_geh,
          kennysheep_decorative_pillar, nicolae_hepliaklqana_hazy_memory,
          serial_bayou_shore_b
Depths:2: radiant_caverns_a_rkd, pan_entry, hell_entry, uniq_enchantress
Depths:3: minmay_slanted_spiral_squares, layout_basic, grunt_decor_resistance,
          pf_coc_iceberg, minmay_room_of_horrors, nicolae_island_escapes
Depths:4: evilmike_zot_entry_diamond, layout_long_grid, enter_ziggurat_d,
          corexii_corridor_pit, hell_entry, minivault_16,
          grunt_dithmenos_smoke_and_mirrors
Zot:1:    layout_cellular_growth
Zot:2:    layout_misc_corridors
Zot:3:    gammafunk_mikee_crab_dinner, layout_misc_corridors,
          gammafunk_ghost_abyssal_escape
Zot:4:    nicolae_moth_party, layout_cathedral_of_symmetry,
          st_grand_hoard_of_tiamat, uniq_parghit
Zot:5:    layout_twisted_circle, st_stairs_3

Skill      XL: |  1  2  3  4  5  6  7  8  9 10 11 12 13 14 15 16 17 18 19 20 21 22 23 24 25 26 |
---------------+-------------------------------------------------------------------------------+-----
Spellcasting   | 5 6 7 8 9 10 11 12 13 14 15 16 17 18 19 | 19.2
Invocations    | 1 2 3 4 5 6 7 8 9 10 11 12 13 14 15 16 17 18 19 20 | 20.1
Fighting       | 1 2 3 5 6 7 8 9 10 11 12 13 14 15 16 17 18 | 18.6
Short Blades   | 1 2 3 5 6 7 8 9 10 11 12 13 14 15 16 17 18 | 18.6
Long Blades    | 1 2 3 5 6 7 8 9 10 11 12 13 14 15 16 17 18 | 18.6
Axes           | 1 2 3 5 6 7 8 9 10 11 12 13 14 15 16 17 19 20 | 20.3
Maces & Flails | 1 2 3 5 6 7 8 9 10 11 12 13 14 15 16 17 18 | 18.6
Polearms       | 1 2 3 5 6 7 8 9 10 11 12 13 14 15 16 17 18 | 18.6
Staves         | 1 2 3 5 6 7 8 9 10 11 12 13 14 15 16 17 18 | 18.6
Ranged Weapons | 1 2 3 5 6 7 8 9 10 11 12 13 14 15 16 17 18 | 18.6
Dodging        | 1 2 3 5 6 7 8 9 10 11 12 13 14 15 16 17 18 | 18.6
Stealth        | 1 2 3 5 6 7 8 9 10 11 12 13 14 15 16 17 18 | 18.6
Shields        | 1 2 3 5 6 7 8 9 10 11 12 13 14 15 16 17 18 | 18.6
Evocations     | 1 2 3 5 6 7 8 9 10 11 12 13 14 15 16 17 18 | 18.6
Shapeshifting  | 1 2 3 4 5 6 7 8 9 10 11 12 13 14 15 16 17 | 17.2
Conjurations   | 1 2 3 4 5 6 7 8 9 10 11 12 13 14 15 | 15.9
Hexes          | 1 2 3 4 5 6 7 8 9 10 11 12 13 14 15 | 15.9
Summonings     | 1 2 3 4 5 6 7 8 9 10 11 12 13 14 15 | 15.9
Translocations | 1 2 3 4 5 6 7 8 9 10 11 12 13 14 15 | 15.9
Fire Magic     | 1 2 3 4 5 6 7 8 9 10 11 12 13 14 15 | 15.9
Ice Magic      | 1 2 3 4 5 6 7 8 9 10 11 12 13 14 15 | 15.9
Air Magic      | 1 2 3 4 5 6 7 8 9 10 11 12 13 14 15 | 15.9
Earth Magic    | 1 2 3 4 5 6 7 8 9 10 11 12 13 14 15 | 15.9
Alchemy        | 1 2 3 4 5 6 7 8 9 10 11 12 13 14 15 | 15.9
Armour         | 3 4 5 6 7 8 9 10 11 12 13 14 15 16 17 18 | 18.8
Throwing       | 5 6 7 8 9 10 11 12 13 14 15 16 17 18 19 | 19.1
Unarmed Combat | 5 6 7 8 9 10 11 12 13 14 15 17 18 19 20 21 22 23 | 23.9
Necromancy     | 6 7 8 9 10 11 12 13 14 15 16 | 16.7

Action                     |  1- 3 |  4- 6 |  7- 9 | 10-12 | 13-15 | 16-18 | 19-21 | 22-24 | 25-27 || total
---------------------------+-------+-------+-------+-------+-------+-------+-------+-------+-------++-------
  Melee: Short sword       |    65 |   136 |    46 |       |       |       |       |       |       ||   247
         Bite              |     6 |    15 |    29 |    30 |   116 |   134 |   202 |   131 |   136 ||   799
         Punch             |       |     3 |    11 |     6 |     1 |       |       |       |       ||    21
         Dagger            |       |     6 |   162 |   153 |       |       |       |       |       ||   321
         Spear             |       |       |       |   118 |   740 |   915 |   934 |       |       ||  2707
         Broad axe         |       |       |       |       |       |     4 |       |       |       ||     4
         Demon trident     |       |       |       |       |       |       |   213 |  1062 |   733 ||  2008
         Quick blade       |       |       |       |       |       |       |       |       |     1 ||     1
   Fire: Orcbow            |       |       |       |   149 |   214 |       |       |       |       ||   363
         Greatsling        |       |       |       |       |       |       |       |    10 |    23 ||    33
  Throw: Dart              |     4 |     9 |     4 |     1 |       |       |       |       |       ||    18
         Boomerang         |       |     6 |    21 |       |    12 |    30 |    13 |     4 |    37 ||   123
         Javelin           |       |       |       |       |       |       |       |       |     9 ||     9
   Cast: Sandblast         |     7 |     7 |    31 |       |       |       |       |       |       ||    45
         Passwall          |       |       |     5 |     4 |     1 |       |     6 |       |     6 ||    22
         Dispel Undead     |       |       |     8 |     5 |     2 |       |       |     1 |     2 ||    18
         Stone Arrow       |       |       |    45 |    12 |    21 |     2 |     1 |       |       ||    81
         Kiss of Death     |       |       |     3 |     1 |       |       |       |       |       ||     4
         Frozen Ramparts   |       |       |    18 |    37 |    51 |    25 |    10 |       |       ||   141
         Anguish           |       |       |       |    27 |    52 |    63 |    20 |     1 |       ||   163
         Martyr's Knell    |       |       |       |    27 |    42 |    85 |    72 |    25 |    28 ||   279
         Vampiric Draining |       |       |       |       |     2 |     2 |     2 |       |       ||     6
         Yara's Violent Un |       |       |       |       |     1 |     3 |    13 |     1 |     2 ||    20
         Ozocubu's Armour  |       |       |       |       |       |     5 |     2 |       |       ||     7
         Lee's Rapid Decon |       |       |       |       |       |     6 |    35 |    22 |       ||    63
         Apportation       |       |       |       |       |       |    31 |     3 |     5 |     4 ||    43
         Borgnjor's Vile C |       |       |       |       |       |    43 |    39 |    26 |    39 ||   147
         Freezing Cloud    |       |       |       |       |       |       |    27 |     4 |     2 ||    33
         Sculpt Simulacrum |       |       |       |       |       |       |       |     9 |    13 ||    22
 Invoke: Bind Soul         |       |       |       |       |       |     2 |     5 |       |     3 ||    10
         Drain Life        |       |       |       |       |       |     1 |       |       |       ||     1
         Recall Undead Har |       |       |       |       |       |       |     7 |     9 |     8 ||    24
  Evoke: Wand              |       |       |       |       |     6 |       |     5 |       |    19 ||    30
         Phantom mirror    |       |       |       |       |       |       |     1 |       |     1 ||     2
         Phial of floods   |       |       |       |       |       |       |     1 |       |       ||     1
         Box of beasts     |       |       |       |       |       |       |       |       |     2 ||     2
    Use: Potion            |       |     2 |     1 |       |     2 |       |     2 |     5 |    17 ||    29
         Scroll            |       |     1 |     9 |    12 |    15 |     3 |    10 |     4 |    14 ||    68
   Stab: Sleeping          |     2 |     7 |     2 |     3 |    18 |    21 |    22 |    16 |     8 ||    99
         Distracted        |       |       |     1 |     2 |     9 |    42 |    50 |    60 |    43 ||   207
         Invisible         |       |       |       |       |     1 |       |       |       |       ||     1
         Confused          |       |       |       |       |       |       |       |    51 |     4 ||    55
 Armour: Robe              |    36 |    62 |    81 |       |       |       |       |       |       ||   179
         Leather armour    |       |       |    46 |   193 |   135 |   204 |   363 |   193 |   215 ||  1349
         Skin              |       |       |       |       |   114 |       |       |       |       ||   114
  Dodge: Dodged            |    27 |    90 |   115 |   303 |   452 |   390 |   314 |   201 |   317 ||  2209
  Block: Kite shield       |       |       |       |       |   510 |   643 |   545 |   348 |   340 ||  2386
         Form:             |       |       |     1 |       |       |       |       |       |       ||     1
         Beast             |       |       |     1 |       |       |       |       |       |       ||     1
